 Dungeon Crawl Stone Soup version 0.30-a0-1160-g6e42c06551 (webtiles) character file.

Game seed: 1944754761925966243

469 Zonian the Ducker (level 7, 0/36 HPs)
             Began as a Vine Stalker Gladiator on Apr 26, 2023.
             Slain by a killer bee (3 damage)
             ... on level 4 of the Dungeon.
             The game lasted 00:06:41 (2479 turns).

Zonian the Ducker (Vine Stalker Gladiator)          Turns: 2479, Time: 00:06:42

Health: 0/36       AC:  8    Str: 22    XL:     7   Next: 9%
Magic:  0/8        EV: 12    Int:  8    God:
Gold:   141        SH:  0    Dex: 16    Spells: 6/6 levels left

rFire   . . .        n - +8 rapier of Discomfort {freeze, rElec Str+4 Stlth+}
rCold   . . .        (no shield)
rNeg    . . .        k - +0 ring mail
rPois   .            h - +0 helmet
rElec   +            u - +0 cloak
rCorr   .            v - +0 pair of gloves
SInv    .            (no boots)
Will    .....        y - amulet of the acrobat
Stlth   ++           r - ring of flight
HPRegen 1.06/turn    (no ring)
MPRegen 0.11/turn

%: acrobat, guardian spirit
@: mighty, flying
A: fangs 2, regeneration 1, magic shield, antimagic bite, no potion heal 2
a: no special abilities


You were on level 4 of the Dungeon.
You visited 1 branch of the dungeon, and saw 4 of its levels.

You collected 141 gold pieces.

Inventory:

Hand Weapons
 n - the +8 rapier of Discomfort (weapon) {freeze, rElec Str+4 Stlth+}
   (You found it on level 2 of the Dungeon)

   Str:       It affects your strength (+4).
   rElec:     It insulates you from electricity.
   Stlth:     It makes you more stealthy.
Missiles
 c - a throwing net (quivered)
 d - a javelin
Armour
 a - a +0 leather armour
 b - a +0 helmet
 h - a +0 helmet (worn)
 k - a +0 ring mail (worn)
 u - a +0 cloak (worn)
 v - a +0 pair of gloves (worn)
Jewellery
 r - a ring of flight (left hand)
 y - an amulet of the acrobat (around neck)
 C - a ring of wizardry
Scrolls
 f - 3 scrolls of teleportation {unknown}
 i - a scroll of fear {unknown}
 j - a scroll of enchant armour {unknown}
 s - a scroll of immolation {unknown}
 w - a scroll of poison {unknown}
 B - 3 scrolls of magic mapping {unknown}
Potions
 e - a potion of cancellation
 g - 2 potions of magic {unknown}
 l - 2 potions of flight {unknown}
 m - a potion of attraction {unknown}
 o - 2 potions of heal wounds {unknown}
 p - 2 potions of curing
 t - 2 potions of ambrosia {unknown}
 x - a potion of berserk rage {unknown}
 z - a potion of haste {unknown}
 A - a potion of degeneration {unknown}


   Skills:
 + Level 3.6 Fighting
 + Level 2.6 Short Blades
 + Level 3.6 Throwing
 + Level 3.8 Dodging
 - Level 3.3 Unarmed Combat


You had 6 spell levels left.
You didn't know any spells.
Your spell library was empty.

Dungeon Overview and Level Annotations

Branches:
Dungeon (4/15)
 Temple: D:4-7

Altars:

Shops:
D:1 [


Innate Abilities, Weirdness & Mutations

You have extremely sharp teeth.
Your natural rate of healing is unusually fast.
When hurt, damage is shared between your health and your magic reserves.
Your bite disrupts and absorbs the magic of your enemies.
Potions cannot restore your health.


Message History

The killer bee barely misses you. The killer bee stings you.
You barely miss the killer bee. Your bite misses the killer bee.
The killer bee closely misses you. The killer bee stings you.
The killer bee stings you but does no damage.
The killer bee closely misses you.
You closely miss the killer bee. Your bite misses the killer bee.
The killer bee stings you but does no damage.
The killer bee barely misses you.
The killer bee stings you but does no damage.
The killer bee stings you.
You are poisoned.
The killer bee poisons you!
You closely miss the killer bee. Your bite misses the killer bee.
You feel sick. The killer bee misses you. x2
The killer bee barely misses you. The killer bee stings you!
You are more poisoned.
The killer bee poisons you!
Unknown command.
Your system rejects the healing.
You feel better. The killer bee stings you.
* * * LOW HITPOINT WARNING * * *
The killer bee closely misses you. The killer bee barely misses you.
The killer bee closely misses you.
Unknown command.
Okay, then.
Throw: 2 throwing nets
Press: ? - help, Shift-Dir - straight line, f - killer bee
Aim: a killer bee (34% to hit)
You throw a throwing net.
The throwing net closely misses the killer bee.
The killer bee stings you but does no damage.
The killer bee stings you.
* * * LOW HITPOINT WARNING * * *
A worm comes into view.
The killer bee closely misses you. The killer bee barely misses you.
Unknown command.
You feel very mighty all of a sudden. The killer bee stings you.
* * * LOW HITPOINT WARNING * * *
The killer bee stings you.
You die...

#.#############.........#
#.##...#.........########
#.##.....##<######
#######.#....##...#
#.....>......#..###
..#.........>..##
#.......##..############
.....##.#).....#yyyy...w
..#####.........@#
.................#
...####..........#
.............^...#
..#..............#
.....##..........#
.....##.........##
###..##...)...... #
#..##........


You could see a worm and 4 killer bees.

Vanquished Creatures
  A black bear (D:4)
  A killer bee (D:4)
  A hound (D:4)
  An iguana (D:4)
  Natasha (thrice) (D:2)
  An orc wizard (D:4)
  10 adders
  2 worms
  2 dart slugs
  4 orcs
  11 ball pythons
  A bat (D:1)
  6 endoplasms
  3 giant cockroaches (D:1)
  3 goblins
  A hobgoblin (D:1)
  6 jackals
  4 quokkas
  2 frilled lizards (D:3)
  8 kobolds
  8 rats
79 creatures vanquished.

Vanquished Creatures (others)
  4 fungi (D:2)
  18 plants
22 creatures vanquished.

Grand Total: 101 creatures vanquished

Notes
Turn   | Place    | Note
-------+----------+-------------------------------------------
     0 | D:1      | Zonian the Vine Stalker Gladiator began the quest for the
                  | Orb.
     0 | D:1      | Reached XP level 1. HP: 11/11 MP: 2/2
    85 | D:1      | Reached XP level 2. HP: 15/15 MP: 3/3
   309 | D:1      | Found Onecsof's Antique Armour Shoppe.
   331 | D:1      | Reached XP level 3. HP: 15/18 MP: 4/4
   675 | D:2      | Identified the +8 rapier of Discomfort {freeze, rElec Str+4
                  | Stlth+}
   921 | D:2      | Noticed Natasha
   924 | D:2      | Killed Natasha
   925 | D:2      | Gained mutation: Your natural rate of healing is unusually
                  | fast. [Vine Stalker growth]
   925 | D:2      | Reached XP level 4. HP: 23/23 MP: 5/5
   937 | D:2      | Noticed Natasha
   950 | D:2      | Killed Natasha
   965 | D:2      | Reached skill level 1 in Short Blades
  1085 | D:2      | Reached XP level 5. HP: 27/27 MP: 6/6
  1275 | D:2      | Found a faded altar of an unknown god.
  1275 | D:2      | Noticed Natasha
  1285 | D:2      | Killed Natasha
  2217 | D:4      | Reached XP level 6. HP: 30/32 MP: 7/7
  2317 | D:4      | Noticed a black bear
  2339 | D:4      | Killed a black bear
  2473 | D:4      | Reached XP level 7. HP: 28/36 MP: 5/8
  2479 | D:4      | Slain by a killer bee

Illustrated notes

Levels and vault maps discovered:
D:1:      minmay_arrival_open_corners, layout_rooms, serial_shops, shop
D:2:      layout_loops_ring, dreamdust_ecumenical_altar_hidden_monk_grotto,
          kennysheep_doodads, minmay_snake_closets, uniq_natasha
D:3:      layout_loops_corners
D:4:      layout_rooms, tso_oasis_becter, mainiacjoe_overflow_boulevard,
          bloody_trog, serial_bayou_pond_d, serial_park_tiny_2

Skill      XL: |  1  2  3  4  5 |
---------------+----------------+-----
Fighting       | 2 3 |  3.6
Throwing       | 2 3 |  3.6
Short Blades   | 1 2 |  2.6
Dodging        | 3 |  3.8
Unarmed Combat | |  3.3

Action                     |  1- 3 |  4- 6 |  7- 9 || total
---------------------------+-------+-------+-------++-------
  Melee: Unarmed           |    84 |       |       ||    84
         Bite              |    15 |    14 |     1 ||    30
         Punch             |     1 |     2 |       ||     3
         Rapier            |     6 |    97 |     4 ||   107
  Throw: Throwing net      |       |     1 |     1 ||     2
         Javelin           |       |     1 |       ||     1
         Boomerang         |       |     1 |       ||     1
    Use: Scroll            |       |     2 |       ||     2
         Potion            |       |       |     2 ||     2
   Stab: Sleeping          |     1 |     3 |       ||     4
 Armour: Leather armour    |    25 |       |       ||    25
         Ring mail         |     3 |    31 |     4 ||    38
  Dodge: Dodged            |    73 |    65 |    13 ||   151

Table legend: (Time is in decaauts)
 A = Elapsed time spent in this place.
 B = Non-inter-level travel time spent in this place.
 C = Inter-level travel time spent in this place.
 D = Time resting spent in this place.
 E = Time spent auto-exploring this place.
 F = Levels seen in this place.
 G = Mean time per level.
                   A        B        C        D        E       F      G
               +--------+--------+--------+--------+--------+-----+--------+
         Total |   2485 |   2404 |     81 |     21 |   1712 |   4 |  621.2 |
       Dungeon |   2485 |   2404 |     81 |     21 |   1712 |   4 |  621.2 |
               +--------+--------+--------+--------+--------+-----+--------+

Top non-repeatable levels by time:
     D:2: 847 daAuts
     D:3: 751 daAuts
     D:1: 594 daAuts
     D:4: 292 daAuts
